 Dungeon Crawl Stone Soup version 0.23-a0-539-g3f6f39f (webtiles) character file.

21 Lavandula the Cutter (level 3, 0/21 HPs)
             Began as a Halfling Enchanter on Dec 7, 2018.
             Slain by an adder zombie (3 damage)
             ... in an ossuary.
             The game lasted 00:04:11 (417 turns).

Lavandula the Cutter (Halfling Enchanter)            Turns: 417, Time: 00:04:12

Health: 0/21       AC:  2    Str:  6 (9)  XL:     3   Next: 2%
Magic:  5/5        EV: 15    Int: 11 (14) God:
Gold:   26         SH:  0    Dex: 13 (14) Spells: 2/5 levels left

rFire    . . .     SeeInvis .   l - +1 rapier (holy)
rCold    . . .     Gourm    .   (shield restricted)
rNeg     . . .     Faith    .   b - +0 robe
rPois    .         Spirit   .   (no helmet)
rElec    .         Reflect  .   (no cloak)
rCorr    .         Harm     .   (no gloves)
MR       .....                  (no boots)
Stlth    ++........             (no amulet)
HPRegen  0.07/turn              (no ring)
MPRegen  0.09/turn              (no ring)

@: lethally poisoned (0 -> -3), flying
A: small, mutation resistance 1
a: no special abilities


You were in an ossuary.
You were not hungry.

You visited 1 branch of the dungeon, and saw 4 of its levels.
You also visited: Ossuary.

You collected 26 gold pieces.

Inventory:

Hand Weapons
 a - a +1 dagger
 i - a +0 blowgun
 l - a +1 rapier of holy wrath (weapon)
Missiles
 j - 17 poisoned needles
Armour
 b - a +0 robe (worn)
Scrolls
 h - a scroll of remove curse {unknown}
 k - a scroll of enchant armour {unknown}
Potions
 f - a potion of flight
Comestibles
 d - a ration


   Skills:
 + Level 3.3 Short Blades
 - Level 2.1 Dodging
 - Level 3.2 Stealth
 - Level 1.5 Spellcasting
 - Level 2.4 Hexes


You had 2 spell levels left.
You knew the following spells:

 Your Spells              Type           Power        Failure   Level  Hunger
a - Corona                Hex            #......      12%         1    ##.....
b - Ensorcelled Hibernat  Hex/Ice        #.....       28%         2    ###....

Your spell library contained the following spells:

 Spells                   Type           Power        Failure   Level  Hunger
 Confuse                  Hex            #.......     34%         3    ####...
 Tukima's Dance           Hex            #.......     34%         3    ####...
 Dazzling Spray           Conj/Hex       #.....       50%         3    ####...


Dungeon Overview and Level Annotations

Branches:
Dungeon (4/15)
 Temple: D:4-7

Altars:
Fedhas

Annotations:
D:1 exclusion: dart slug


Innate Abilities, Weirdness & Mutations

You are small and have problems with some larger weapons.
You are somewhat resistant to further mutation.


Message History

You impale the orc zombie!!
You destroy the orc zombie!
The adder zombie bites you.
* * * LOW HITPOINT WARNING * * *
The quokka zombie barely misses you.
Unknown command.
As you read the scroll labeled HIFROT HEDEU, it crumbles to dust.
You feel aware of your surroundings.
You sensed 4 shops/portals.
It was a scroll of magic mapping.
The adder zombie closely misses you. The quokka zombie closely misses you.
You feel sick. The adder zombie closely misses you.
The quokka zombie closely misses you. The adder zombie closely misses you.
Unknown command.
The quokka zombie closely misses you.
The adder zombie bites you but does no damage.
The adder zombie bites you.
* * * LOW HITPOINT WARNING * * *
The quokka zombie misses you. The rat zombie misses you.
The adder zombie bites you.
You die...

#** ##* ### *###
*****##.###.###.########..#
*,,,*.............#......##
*,∩,+......ZZZ....M.∩.∩...#
*,,,*......Z@Z.M.M#......##
**+**##.###.###.########..#
*,,,* *** ##* ### *###
**,,,** *,,,,,* **,,,**
*,,,* **,,,** *,,,,,*


You could see 3 mummies, 2 adder zombies, a rat zombie, a quokka zombie and a
goblin zombie.

Vanquished Creatures
  2 dart slugs (D:1)
  A leopard gecko (D:1)
  2 goblins (D:1)
  3 hobgoblins (D:1)
  2 frilled lizards (D:1)
  4 kobolds
  An orc zombie (Ossuary)
  2 rats (D:1)
17 creatures vanquished.

Notes
Turn   | Place    | Note
-------+----------+-------------------------------------------
     0 | D:1      | Lavandula the Halfling Enchanter began the quest for the
                  | Orb.
     0 | D:1      | Reached XP level 1. HP: 11/11 MP: 3/3
     3 | D:1      | Noticed an electric eel
     3 | D:1      | Noticed an electric eel
   126 | D:1      | Reached XP level 2. HP: 11/17 MP: 2/4
   173 | D:1      | Learned a level 2 spell: Ensorcelled Hibernation
   345 | D:3      | Reached XP level 3. HP: 19/21 MP: 5/5
   361 | D:4      | Found a sand-covered staircase.
   368 | D:4      | Found a blossoming altar of Fedhas.
   369 | D:4      | Noticed a scorpion
   400 | Ossuary  | Entered an ossuary
   417 | Ossuary  | Slain by an adder zombie

Vault maps used:
D:1:      arrival_aquarium_b, minmay_misc_feat_iff
D:2:      uniq_jessica, uniq_robin, uniq_crazy_yiuf_cottage
D:3:      minmay_chambers_of_twos, chequers_serial_rivers_room_a, hex_medium,
          serial_park_tiny_pond
D:4:      yredelemnul_altar_generic, fedhas_bush_and_centaur_altar,
          first_ration, serial_shops, shop, kennysheep_mini_moat, shop,
          enter_ossuary_3
Ossuary:  ossuary_minmay_chase

Skill      XL: |  1  2 |
---------------+-------+-----
Short Blades   | 2 3 |  3.3
Dodging        | |  2.1
Stealth        | |  3.2
Spellcasting   | |  1.5
Hexes          | |  2.4

Action                   || total
-------------------------++-------
Melee: Dagger            ||    35
       Rapier            ||     1
 Cast: Corona            ||     7
       Ensorcelled Hiber ||     4
  Use: Scroll            ||     2
       Potion            ||     2
 Stab: Sleeping          ||     9
Armor: Robe              ||     1
Dodge: Dodged            ||    31

Table legend:
 A = Non-vault XP
 B = Vault XP
 C = Vault XP percentage of total XP
 D = Non-vault monster count
 E = Vault monster count
 F = Vault count percentage of total count
                 A         B        C        D         E       F
            +---------+---------+-------+---------+---------+-------
      Total |      29 |       1 |   3.3 |      16 |       1 |   5.9
            +---------+---------+-------+---------+---------+-------
        D:1 |      28 |       0 |   0.0 |      15 |       0 |   0.0
        D:3 |       1 |       0 |   0.0 |       1 |       0 |   0.0
    Ossuary |       0 |       1 | 100.0 |       0 |       1 | 100.0
            +---------+---------+-------+---------+---------+-------
